 Dungeon Crawl Stone Soup version 0.16.0-11-gd45b091 (webtiles) character file.

12295 RobertPalmer the Covert (level 11, -4/67 HPs)
             Began as an Octopode Fighter on Mar 17, 2015.
             Was an Elder of Dithmenos.
             Slain by a hornet (shapeshifter) (23 damage)
             ... on level 13 of the Dungeon.
             The game lasted 00:42:59 (16077 turns).

RobertPalmer the Covert (Octopode Fighter)         Turns: 16077, Time: 00:42:59

Health: -4/67      AC:  1    Str: 16    XL:     11   Next: 91%
Magic:  11/11      EV: 18    Int: 12    God:    Dithmenos [****..]
Gold:   774        SH:  5    Dex: 13    Spells: 1 memorised, 6 levels left

rFire  . . .     SeeInvis .     b - +0 blowgun
rCold  . . .     Clarity  .     y - +1 buckler
rNeg   . . .     SustAb   .     (helmet restricted)
rPois  .         Gourm    .     A - amulet of rage {+Rage, !d}
rElec  .         Spirit   .     (no ring)
rCorr  .         Warding  .     (no ring)
rMut   .         Stasis   .     (no ring)
MR     .....                    (no ring)
Stlth  ++++++++++               (no ring)
                                (no ring)
                                (no ring)
                                (no ring)

@: wreathed by umbra, not resistant to hostile enchantments, uncannily stealthy
A: almost no armour, amphibious, 8 rings, constrict 8, camouflage 1, gelatinous
body 1
a: Shadow Step, Renounce Religion, Evoke Berserk Rage


You were on level 13 of the Dungeon.
You worshipped Dithmenos.
Dithmenos was greatly pleased with you.
You were not hungry.

You visited 3 branches of the dungeon, and saw 15 of its levels.

You collected 803 gold pieces.
You spent 29 gold pieces at shops.

Inventory:

Hand weapons
 a - a +1 trident of venom
   (You found it on level 10 of the Dungeon)
 b - a +0 blowgun (weapon)
   (You took it off a kobold on level 9 of the Dungeon)
Missiles
 k - 36 poisoned needles (quivered)
Armour
 y - a +1 buckler (worn)
   (You found it on level 5 of the Dungeon)
Jewellery
 A - an amulet of rage (around mantle) {+Rage, !d}
   (You found it on level 5 of the Dungeon)
 C - an uncursed amulet of stasis {Stasis, !d}
   (You found it on level 9 of the Dungeon)
 E - a cursed amulet of resist mutation {rMut, !d}
   (You found it on level 6 of the Dungeon)
 H - an uncursed amulet of resist corrosion {rCorr, !d}
   (You found it on level 10 of the Dungeon)
 M - an uncursed ring of positive energy {rN+}
   (You found it on level 13 of the Dungeon)
Magical devices
 v - a wand of draining (3)
   (You found it on level 11 of the Dungeon)
 L - a wand of disintegration (4)
   (You found it on level 12 of the Dungeon)
Scrolls
 e - 2 scrolls of recharging
 h - a scroll of magic mapping {!r}
 o - 3 scrolls of amnesia
 s - 2 scrolls of identify
 B - 3 scrolls of remove curse
 D - 2 scrolls of fog {unknown}
 F - a scroll of noise {unknown}
 N - a scroll of enchant weapon
 P - a scroll of teleportation
Potions
 c - 3 potions of restore abilities {unknown}
 f - a potion of lignification {unknown}
 g - 2 potions of cancellation {unknown}
 j - 2 potions of ambrosia {unknown}
 m - 5 potions of poison {unknown}
 n - 2 potions of brilliance {unknown}
 q - 2 potions of curing
 r - a potion of berserk rage {unknown}
 w - 3 potions of resistance {unknown}
 x - 2 potions of flight {unknown}
 z - 2 potions of mutation {unknown}
 I - 2 potions of magic {unknown}
Books
 u - a Young Poisoner's Handbook
   (You found it on level 8 of the Dungeon)
 G - a book of Unlife
   (You found it on level 6 of the Dungeon)
 O - a Grand Grimoire {highlevel, unknown}
   (You found it on level 11 of the Dungeon)
Miscellaneous
 K - a plain deck of changes
   (You found it on level 11 of the Dungeon)
Comestibles
 d - 8 bread rations {@e1}
 i - 6 meat rations {@e2}
 l - 2 fruits
 p - 5 beef jerkies
 t - 6 slices of pizza


   Skills:
 - Level 3.0 Fighting
 - Level 8.6 Polearms
 - Level 12.0 Dodging
 - Level 14.7 Stealth
 - Level 3.0 Shields
 + Level 4.4 Necromancy


You had 6 spell levels left.
You knew the following spells:

 Your Spells              Type           Power        Failure   Level  Hunger
A - Animate Dead          Necr           N/A          73%         4    #####..


Dungeon Overview and Level Annotations

Branches:
Dungeon (13/15)            Temple (1/1) D:7            Lair (1/8) D:10
    Orc (0/4) D:10
 Vaults: D:13-14

Altars:
Ashenzari
Cheibriados
Dithmenos
Elyvilon
Fedhas
Gozag
Kikubaaqudgha
Makhleb
Nemelex Xobeh
Okawaru
Qazlal
Ru
Sif Muna
Trog
Vehumet
Xom
Yredelemnul
Zin
The Shining One

Shops:
D:8 (*(   D:10 *

Portals:
Trove: D:10 (give 2 scrolls of acquirement)

Annotations:
D:13 exclusion: Nergalle, Nergalle


Innate Abilities, Weirdness & Mutations

You cannot wear most types of armour.
You are amphibious.
You can wear up to eight rings at the same time.
You can use your tentacles to constrict many enemies at once.
Your skin changes colour to match your surroundings (Stealth).
Your rubbery body absorbs attacks (AC +1).


Message History

Dithmenos accepts your kill.
Your shadow now sometimes tangibly mimics your actions.
No target in view!
There is an open door here.
You open the door.
There is an open door here.
You open the door.
Found a stone staircase leading up.
There is an open door here.
A giant frog skeleton comes into view.
A giant frog skeleton is nearby!
A giant frog skeleton is nearby!
Attack whom?
Aim: a giant frog skeleton (resting, umbra)
You reach to attack!
The helpless giant frog skeleton fails to defend itself.
You impale the giant frog skeleton!!!
You destroy the giant frog skeleton!
Dithmenos accepts your kill.
No target in view!
You open the door. You open the door.
There is an open door here.
Nergalle the Soulbinder comes into view.
She is wielding a dagger.
M - a twisted diamond ring Read which item? (? for menu, Esc to quit)
Identify which item? (\ to view known items) (? for menu, Esc to quit)
As you read the scroll of identify, it crumbles to dust.
M - an uncursed ring of positive energy Read which item? (? for menu, Esc to quit)
Identify which item? (\ to view known items) (? for menu, Esc to quit)
As you read the scroll of identify, it crumbles to dust.
C - an uncursed amulet of stasis Read which item? (? for menu, Esc to quit)
You don't have any such object.
Read which item? (? for menu, Esc to quit)
Identify which item? (\ to view known items) (? for menu, Esc to quit)
Okay, then.
Read which item? (? for menu, Esc to quit)
Identify which item? (\ to view known items) (? for menu, Esc to quit)
As you read the scroll of identify, it crumbles to dust.
H - an uncursed amulet of resist corrosion A big kobold and a kobold demonologist come into view.
You are near starving!
Eat which item? (? for menu, Esc to quit)
Mmm...
Vegetable.
You open the door.
A worker ant, a kobold, 3 big kobolds and 2 kobold demonologists come into view.
The kobold shouts!
The big kobold moves out of view.
Found a stone staircase leading down.
A kobold comes into view. It is wielding a dagger.
Unknown command.
You close the door.
There is a stone staircase leading up here.
You open the door.
Found an escape hatch in the floor.
There is an open door here.
You open the door.
A hornet comes into view.
There is an open door here.
The hornet buzzes angrily.
The hornet completely misses you.
You hit the hornet but do no damage.
The hornet is poisoned.
Your grab misses the hornet. Your squeeze misses the hornet.
The hornet stings you!!
You are poisoned.
You suddenly lose the ability to move!
You feel sick. The hornet stings you!
You are more poisoned.
You shrug off the repeated paralysis!
The hornet stings you.
You are lethally poisoned!
You feel yourself slow down.
You feel very sick. The hornet stings you!
* * * LOW HITPOINT WARNING * * *
You are more poisoned.
You shrug off the repeated paralysis!
You can move again.
You take 56 damage, and have 11/67 hp.
MASSIVE DAMAGE!!
Unknown command.
Unknown command.
Drink which item? (? for menu, Esc to quit)
You feel better. The hornet misses you. You block the hornet's attack.
The hornet misses you.
You regained 7 hp, and now have 18/67 hp.
Drink which item? (? for menu, Esc to quit)
Okay, then.
Read which item? (? for menu, Esc to quit)
Okay, then.
Your +1 trident of venom stops dripping with poison.
b - a +0 blowgun (weapon)
The hornet barely misses you.
Aim: a hornet (moderately wounded, poisoned, umbra)
You shoot a curare-tipped needle.
The curare-tipped needle barely misses the hornet.
You feel yourself speed up. The hornet stings you!!
You die...

... ..... #...# #...# #...#
#...###### #...(....# #..y.....#
#.@......# ##'################
#.........'.......#
#.........#...>...#
########.<#########
..................
.................
.................
#######################..........


You could see a hornet.

Vanquished Creatures
  A centaur warrior (D:9)
  2 hill giants
  A manticore (D:11)
  A centaur zombie (D:12)
  Joseph (D:11)
  A kobold demonologist (D:12)
  A fire drake (Lair:1)
  A troll (D:9)
  Prince Ribbit (D:7)
  2 hungry ghosts
  2 yaks (D:9)
  A wyvern (D:8)
  A human (D:6)
  A hippogriff (D:8)
  2 deep elf magi
  A hog (D:7)
  7 orc warriors
  4 sky beasts
  4 phantoms
  7 ogres
  5 ice beasts
  5 centaurs
  3 water moccasins
  2 big kobolds
  A crocodile (Lair:1)
  12 giant frogs
  4 scorpions
  2 wyvern skeletons (D:8)
  7 killer bees (D:8)
  9 jellies
  4 crimson imps
  3 goliath beetles
  3 giant frog skeletons
  8 wights
  2 giant frog zombies (D:6)
  4 iguanas
  6 hounds
  8 orc priests
  16 orc wizards
  A centaur skeleton (D:7)
  8 sheep
  9 worker ants
  2 mummies
  A worker ant zombie (D:10)
  17 adders
  6 gnolls
  A giant mite (D:6)
  A river rat (D:10)
  5 shadow imps
  A worm (D:2)
  An adder skeleton (D:10)
  6 giant geckos
  4 oozes
  50 orcs
  A bat zombie (D:5)
  7 giant cockroaches
  10 hobgoblins
  7 jackals
  3 quokkas
  A ball python (D:3)
  17 bats
  2 giant gecko skeletons
  8 giant newts
  13 goblins
  A jackal skeleton (D:8)
  21 kobolds
  A quokka skeleton (D:9)
  17 rats
  A butterfly (D:3)
  A fungus (D:10)
370 creatures vanquished.

Vanquished Creatures (others)
  5 fungi (D:4)
5 creatures vanquished.

Grand Total: 375 creatures vanquished

Notes
Turn   | Place    | Note
--------------------------------------------------------------
     0 | D:1      | RobertPalmer, the Octopode Fighter, began the quest for the Orb.
     0 | D:1      | Reached XP level 1. HP: 16/16 MP: 1/1
    77 | D:1      | Reached XP level 2. HP: 21/21 MP: 2/2
   119 | D:1      | Reached skill level 3 in Polearms
   309 | D:1      | Reached XP level 3. HP: 22/26 MP: 3/3
   688 | D:2      | Reached skill level 4 in Polearms
   725 | D:2      | Reached XP level 4. HP: 27/31 MP: 4/4
  1359 | D:2      | Reached skill level 5 in Polearms
  1359 | D:2      | Reached XP level 5. HP: 34/36 MP: 5/5
  1627 | D:3      | Found a shimmering altar of Xom.
  2306 | D:4      | Noticed an ogre
  2595 | D:4      | Reached skill level 6 in Polearms
  2595 | D:4      | Reached XP level 6. HP: 33/42 MP: 6/6
  3058 | D:5      | Entered Level 5 of the Dungeon
  3371 | D:5      | Reached skill level 7 in Polearms
  3395 | D:5      | Reached XP level 7. HP: 28/46 MP: 7/7
  3565 | D:5      | Reached skill level 8 in Polearms
  4224 | D:6      | Reached skill level 3 in Stealth
  4224 | D:6      | Reached XP level 8. HP: 52/52 MP: 8/8
  4267 | D:6      | Reached skill level 5 in Stealth
  4924 | D:7      | Reached skill level 6 in Stealth
  5031 | D:7      | Noticed Prince Ribbit
  5054 | D:7      | Reached skill level 7 in Stealth
  5190 | D:7      | Found a bloodstained altar of Trog.
  5283 | D:8      | Found a blossoming altar of Fedhas.
  5297 | D:8      | Found Psaeddih's Assorted Antiques.
  5568 | D:8      | Reached skill level 8 in Stealth
  5987 | D:6      | Reached skill level 9 in Stealth
  6114 | D:6      | Reached skill level 10 in Stealth
  6302 | D:6      | Reached XP level 9. HP: 48/56 MP: 9/9
  6755 | D:6      | Reached skill level 11 in Stealth
  6973 | D:7      | Found a staircase to the Ecumenical Temple.
  7022 | Temple   | Entered the Ecumenical Temple
  7059 | Temple   | Became a worshipper of Dithmenos the Shadowed
  7194 | D:7      | Reached skill level 12 in Stealth
  7198 | D:7      | Found a sparkling altar of Nemelex Xobeh.
  7520 | D:7      | Learned a level 4 spell: Animate Dead
  7644 | D:7      | Reached skill level 13 in Stealth
  7726 | D:7      | Killed Prince Ribbit
  7895 | D:8      | Found Pret's Antique Weapon Shop.
  7993 | D:8      | HP: 10/56 [centaur/arrow (15)]
  7994 | D:8      | HP: 4/56 [centaur/arrow (12)]
  8003 | D:8      | HP: 8/56 [centaur (7)]
  8027 | D:8      | Bought a scroll labeled PSAR GEHIUPPAI for 29 gold pieces
  8232 | D:8      | Reached skill level 14 in Stealth
  8318 | D:7      | Reached XP level 10. HP: 27/63 MP: 10/10
  8797 | D:8      | Found Onkuadarph's Antique Weapon Shop.
  8814 | D:8      | Reached skill level 4 in Dodging
  9041 | D:8      | Reached skill level 5 in Dodging
  9509 | D:9      | Noticed a centaur warrior
  9518 | D:9      | Killed a centaur warrior
  9518 | D:9      | Reached skill level 6 in Dodging
  9605 | D:9      | Noticed a hill giant
  9727 | D:8      | Reached skill level 7 in Dodging
 10386 | D:9      | Reached skill level 8 in Dodging
 10493 | D:9      | Acquired Dithmenos' first power
 10734 | D:9      | Reached skill level 9 in Dodging
 10998 | D:9      | Reached XP level 11. HP: 63/67 MP: 11/11
 11100 | D:10     | Entered Level 10 of the Dungeon
 11156 | D:10     | Found a staircase to the Lair.
 11171 | D:10     | Found a staircase to the Orcish Mines.
 11214 | Lair:1   | Entered Level 1 of the Lair of Beasts
 11333 | Lair:1   | Reached skill level 10 in Dodging
 11344 | Lair:1   | HP: 15/67 [blink frog[a river rat] (16)]
 11911 | D:9      | HP: 16/67 [yak (18)]
 12184 | D:10     | Found Cestuop's General Store.
 12208 | D:10     | Noticed a hill giant
 12333 | D:10     | HP: 14/67 [giant frog skeleton (3)]
 12338 | D:9      | HP: 11/67 [poisoned by a worker ant]
 12344 | D:9      | HP: 8/67 [poisoned by a worker ant]
 12351 | D:9      | HP: 6/67 [poisoned by a worker ant]
 12358 | D:9      | HP: 6/67 [poisoned by a worker ant]
 12366 | D:9      | HP: 6/67 [poisoned by a worker ant]
 12775 | D:10     | Acquired Dithmenos' second power
 12972 | D:10     | Killed a hill giant
 13095 | D:10     | Found a portal to a secret trove of treasure.
 13172 | D:9      | Reached skill level 11 in Dodging
 13202 | D:9      | Killed a hill giant
 14350 | D:11     | Noticed Joseph
 14392 | D:11     | Killed Joseph
 14445 | D:11     | Reached skill level 12 in Dodging
 14725 | D:11     | Reached skill level 1 in Necromancy
 15238 | D:12     | Reached skill level 2 in Necromancy
 15310 | D:12     | Reached skill level 3 in Necromancy
 15718 | D:12     | Reached skill level 4 in Necromancy
 15964 | D:13     | Acquired Dithmenos' third power
 15997 | D:13     | Noticed Nergalle
 16072 | D:13     | Paralysed by a hornet for 2 turns
 16074 | D:13     | HP: 11/67 [hornet (shapeshifter) (17)]
 16077 | D:13     | Slain by a hornet (shapeshifter)

Action                   |  1- 3 |  4- 6 |  7- 9 | 10-12 || total
-------------------------+-------+-------+-------+-------++-------
Melee: Trident           |    74 |   155 |   284 |   459 ||   972
 Fire: Blowgun           |       |       |       |     9 ||     9
Evoke: Wand              |       |       |     5 |     1 ||     6
  Use: Scroll            |       |       |    11 |     9 ||    20
       Potion            |       |       |     7 |     3 ||    10
 Stab: Sleeping          |     7 |    10 |    12 |    68 ||    97
       Distracted        |       |     1 |     2 |     8 ||    11
  Eat: Chunk             |       |     7 |    14 |    23 ||    44
       Beef jerky        |       |       |     1 |     1 ||     2
       Royal jelly       |       |       |     1 |       ||     1
       Fruit             |       |       |     2 |       ||     2
       Pizza             |       |       |       |     1 ||     1

Vault maps used:
D:1:      saegor_arrival_under_anarchy, kennysheep_small_spiral,
          minmay_misc_feat_pillars
D:2:      serial_forest, infiniplex_forest_straight_3, infiniplex_forest_end_3,
          infiniplex_forest_lined_2, infiniplex_forest_lined_room_2,
          infiniplex_forest_end_1, infiniplex_forest_fountain,
          infiniplex_forest_lined_2, infiniplex_forest_straight_2,
          grunt_decor_mini_mirrors
D:3:      xom_butterflies
D:4:      serial_aquarium, aquarium_bridge_square,
          aquarium_bridge_long_separate, aquarium_window_corner,
          aquarium_window_2, aquarium_view_2b, aquarium_view_2b, aquarium_pool_2
D:5:      first_bread, item_on_display_a
D:7:      lemuel_crystal_altar, minmay_temple_entry_grid, grunt_livestock,
          bloody_trog, uniq_prince_ribbit1
D:8:      lemuel_crystal_altar, serial_shops, shop, shop_fountains, shop,
          minivault_11
D:9:      statue_in_the_mist_lemuel, kb_rosetta
D:10:     due_lair_maze_entry_diamond, orc_0_dummy, enter_trove_6, serial_shops,
          shop, abandoned_shop
D:11:     kennysheep_nub, kennysheep_generic_room_10, uniq_joseph
D:12:     minmay_misc_feat_enclosed
D:13:     uniq_nergalle
Temple:   lightli_temple_of_artemis

Table legend:
 A = Turns spent in this place as a percentage of turns spent in the entire game.
 B = Non-inter-level travel turns spent in this place as a percentage of non-inter-level travel turns spent in the entire game.
 C = Inter-level travel turns spent in this place as a percentage of turns spent in this place.
 D = Turns resting spent in this place as a percentage of non-inter-level travel turns spent in this place.
 E = Turns spent auto-exploring this place as a percentage of non-inter-level travel turns spent in this place.
 F = Non-inter-level travel turns spent in this place divided by the number of levels of this place that you've seen.
                   A       B       C       D       E      F
               +-------+-------+-------+-------+-------+----------------------
         Total | 100.0 | 100.0 |   0.6 |   1.8 |   4.9 | 442.7
       Dungeon |  96.0 |  95.9 |   0.7 |   1.8 |   5.1 | 490.0
        Temple |   0.9 |   0.9 |   0.0 |   0.0 |   0.0 |  57.0
          Lair |   3.2 |   3.2 |   0.0 |   2.3 |   0.0 | 213.0
               +-------+-------+-------+-------+-------+----------------------

Table legend:
 A = Kills in this place as a percentage of kills in entire the game.
 B = Kills by you in this place as a percentage of kills by you in the entire game.
 C = Kills by friends in this place as a percentage of kills by friends in the entire game.
 D = Other kills in this place as a percentage of other kills in the entire game.
 E = Experience gained in this place as a percentage of experience gained in the entire game.
 F = Experience gained in this place divided by the number of levels of this place that you have seen.
                   A       B       C       D       E      F
               +-------+-------+-------+-------+-------+----------------------
         Total | 100.0 | 100.0 |  -nan |  -nan | 100.0 | 1171.0
       Dungeon |  96.7 |  96.7 |  -nan |  -nan |  95.4 | 1289.4
          Lair |   3.3 |   3.3 |  -nan |  -nan |   4.6 | 803.0
               +-------+-------+-------+-------+-------+----------------------
